 Seeded DCSS version 0.30-a0-1066-g63dfefce0d (webtiles) character file.

Game seed: 13020561292390072626 (custom seed)

65 Pimp the Slasher (level 4, 0/37 HPs)
             Began as a Barachi Fighter on Apr 12, 2023.
             Slain by a cerulean imp
             ... wielding a +0 spear
             ... summoned by Natasha
              (1 damage)
             ... on level 2 of the Dungeon.
             The game lasted 00:01:45 (1229 turns).

Pimp the Slasher (Barachi Fighter)                  Turns: 1229, Time: 00:01:46

Health: 0/37       AC:  7    Str: 18    XL:     4   Next: 14%
Magic:  4/4        EV:  9    Int:  8    God:
Gold:   75         SH:  5    Dex: 13    Spells: 3/3 levels left

rFire   . . .      SeeInvis .    a - +0 long sword
rCold   . . .      Faith    .    c - +0 buckler
rNeg    . . .      Spirit   .    b - +0 scale mail
rPois   .          Reflect  .    (no helmet)
rElec   .          Rampage  .    (no cloak)
rCorr   .                        (no gloves)
Will    .....                    (no boots) Stlth
                                 (no amulet)
HPRegen 0.26/turn                (no ring)
MPRegen 0.09/turn                (no ring)

@: studying Long Blades, slow
A: amphibious, slowness 1, strong legs 1, +LOS
a: Hop


You were on level 2 of the Dungeon.
You visited 1 branch of the dungeon, and saw 2 of its levels.

You collected 75 gold pieces.

Inventory:

Hand Weapons
 a - a +0 long sword (weapon)
Armour
 b - a +0 scale mail (worn)
 c - a +0 buckler (worn)
Jewellery
 n - a ring of wizardry
Scrolls
 e - a scroll of magic mapping {unknown}
 f - 2 scrolls of teleportation {unknown}
 g - a scroll of blinking {unknown}
 h - a scroll of enchant armour {unknown}
 i - a scroll of silence {unknown}
 k - a scroll of brand weapon {unknown}
 p - a scroll of poison {unknown}
Potions
 d - 3 potions of might
 j - 2 potions of cancellation {unknown}
 l - a potion of mutation {unknown}
 m - a potion of heal wounds {unknown}
 o - a potion of resistance {unknown}
 q - a potion of magic {unknown}


   Skills:
 + Level 4.2 Fighting
 * Level 4.6 Long Blades
 + Level 4.1 Armour
 + Level 3.8 Shields


You had 3 spell levels left.
You didn't know any spells.
Your spell library was empty.

Dungeon Overview and Level Annotations

Branches:
Dungeon (2/15)

Altars:

Annotations:
D:2 Natasha


Innate Abilities, Weirdness & Mutations

You are amphibious.
You cover ground slowly.
You can hop short distances.
You have an extended range of vision and can be seen from far away.


Message History

The endoplasm attacks as you move away! You block the endoplasm's attack.
The endoplasm attacks as you move away!
The endoplasm hits you but does no damage.
The endoplasm hits you but does no damage.
You slash the endoplasm!
You kill the endoplasm!
Natasha casts a spell.
Natasha barely misses you.
The cerulean imp hits you but does no damage.
Natasha claws you.
You closely miss Natasha. The cerulean imp barely misses you.
Natasha closely misses you.
You closely miss Natasha.
The cerulean imp hits you but does no damage.
Natasha casts a spell at you. The magic dart hits you.
You hit Natasha but do no damage.
The cerulean imp hits you with a +0 spear.
* * * LOW HITPOINT WARNING * * *
Natasha barely misses you.
You closely miss Natasha. The cerulean imp closely misses you.
Natasha stares at you and mumbles some strange words.
The magic dart hits you but does no damage.
You hit Natasha.
Natasha is lightly wounded.
The cerulean imp hits you with a +0 spear.
* * * LOW HITPOINT WARNING * * *
Natasha claws you.
* * * LOW HITPOINT WARNING * * *
The cerulean imp hits you but does no damage.
Natasha claws you.
* * * LOW HITPOINT WARNING * * *
You barely miss Natasha.
The cerulean imp hits you with a +0 spear.
* * * LOW HITPOINT WARNING * * *
Natasha claws you.
* * * LOW HITPOINT WARNING * * *
Unknown command.
The cerulean imp hits you from afar with a +0 spear.
You die...

.#.# .... ##.## #.#
##.# #..# #.# #.#
#.# #..####.# #.#
#.# #..##...# #.#
##.# #..#...## .).#
#.......#######.#
####
#..h.....†......#
##5...>.######### #
#.#@..## # #.##.## #
#.##.# ### #.##.#
#######.. ###
#.##.### #........
..#
#.##...#####.#####.#
#.#
#.####.##.##.##....#
..# ####.#
#.#.#.#.#...### .##
#....#
#............#


You could see Natasha and a cerulean imp (summoned).

Vanquished Creatures
  Natasha (D:2)
  An adder (D:2)
  A worm (D:2)
  2 dart slugs
  2 endoplasms
  3 goblins
  2 hobgoblins (D:1)
  3 jackals (D:2)
  3 kobolds
  3 ball pythons
  A bat (D:1)
  A frilled lizard (D:1)
  2 rats
25 creatures vanquished.

Notes
Turn   | Place    | Note
-------+----------+-------------------------------------------
     0 | D:1      | Pimp the Barachi Fighter began the quest for the Orb.
     0 | D:1      | Reached XP level 1. HP: 18/18 MP: 1/1
    70 | D:1      | Identified a scroll of acquirement
    70 | D:1      | Acquired a manual of Long Blades
   342 | D:1      | Reached XP level 2. HP: 25/25 MP: 2/2
   739 | D:2      | Noticed Natasha
   749 | D:2      | Killed Natasha
   750 | D:2      | Reached XP level 3. HP: 26/30 MP: 3/3
  1061 | D:2      | Reached XP level 4. HP: 37/37 MP: 4/4
  1211 | D:2      | Noticed Natasha
  1228 | D:2      | HP: 1/37 [Natasha (1)]
  1229 | D:2      | Slain by a cerulean imp

Illustrated notes

Levels and vault maps discovered:
D:1:      lightli_arrival_lavapool, layout_basic
D:2:      layout_loops_ring, uniq_natasha

Skill      XL: |  1  2 |
---------------+-------+-----
Long Blades    | 3 4 |  4.6
Fighting       | 4 |  4.2
Armour         | 4 |  4.1
Shields        | |  3.8

Action                     |  1- 3 |  4- 6 || total
---------------------------+-------+-------++-------
  Melee: Long sword        |    62 |    21 ||    83
    Use: Scroll            |     2 |       ||     2
 Armour: Scale mail        |    36 |    15 ||    51
  Dodge: Dodged            |    30 |    12 ||    42
  Block: Buckler           |    11 |     3 ||    14

Table legend: (Time is in decaauts)
 A = Elapsed time spent in this place.
 B = Non-inter-level travel time spent in this place.
 C = Inter-level travel time spent in this place.
 D = Time resting spent in this place.
 E = Time spent auto-exploring this place.
 F = Levels seen in this place.
 G = Mean time per level.
                   A        B        C        D        E       F      G
               +--------+--------+--------+--------+--------+-----+--------+
         Total |   1474 |   1430 |     44 |      0 |   1115 |   2 |  737.0 |
       Dungeon |   1474 |   1430 |     44 |      0 |   1115 |   2 |  737.0 |
               +--------+--------+--------+--------+--------+-----+--------+

Top non-repeatable levels by time:
     D:1: 845 daAuts
     D:2: 629 daAuts
